WCHLSIM.com - West Coast Hockey League
html PUBLIC "-//W3C//DTD XHTML 1.0 Transitional//EN" "http://www.w3.org/TR/xhtml1/DTD/xhtml1-transitional.dtd"> WCHL - Game 1178 - TEXAS TOROS vs LOS ANGELES SEALS

TEXAS TOROS vs LOS ANGELES SEALS

Created - 4 avril 2024 at 21:54

Goals
1 2 3 T
TEXAS TOROS 1 0 2 3
LOS ANGELES SEALS 1 0 0 1
Shots
1 2 3 T
TEXAS TOROS 14 11 8 33
LOS ANGELES SEALS 15 13 10 38

1st period

1. TEXAS TOROS , Kevin Hayes 23 (Taylor Raddysh 19, Tyson Barrie 33) at 6:23
2. LOS ANGELES SEALS , Noah Dobson 10 (Claude Giroux 42, Jeremy Swayman) at 18:48 (PP)

Penalties :
Matthew Boldy (LOS) for Tripping (Minor) at 12:35, Tyson Foerster (TEX) for Hooking (Minor) at 18:34

2nd period

No Goal

Penalties :
Danton Heinen (TEX) for Slashing (Minor) at 12:21, Danton Heinen (TEX) for Hooking (Minor) at 15:14

3rd period

3. TEXAS TOROS , Taylor Raddysh 14 (Tyson Barrie 34) at 2:47
4. TEXAS TOROS , Owen Power 3 (Bobby Brink 7, Taylor Raddysh 20) at 6:05

Penalties :
David Krejci (LOS) for High sticking (Minor) at 9:03, David Krejci (LOS) for Tripping (Minor) at 13:51, Dougie Hamilton (TEX) for Tripping (Minor) at 13:51

Goalie Stats

Philipp Grubauer (TEX), 37 saves from 38 shots - (0,974), W, 14-20-5, 60:00 minutes
Jeremy Swayman (LOS), 30 saves from 33 shots - (0,909), L, 17-6-1, 60:00 minutes

Players Stats for TEXAS TOROS

Player Name              G  A  P  +/- PIM S  H  SB GA TA FO     MP     PP MP  PK MP  
------------------------------------------------------------------------------------
Bobby Brink              0  1  1   3  0   2  4  0  0  0  0/1    17:29   2:04   0:00 
Danton Heinen            0  0  0   0  4   1  3  0  0  0  1/1    17:12   1:20   0:00 
Dougie Hamilton          0  0  0   0  2   0  0  4  0  0  0/0    25:03   2:21   3:17 
Jesse Ylonen             0  0  0   0  0   0  0  0  0  0  0/1    13:52   0:34   1:05 
Kevin Hayes              1  0  1   3  0   8  0  0  0  0  10/20  18:59   1:54   3:07 
Logan Cooley             0  0  0   0  0   2  0  0  0  0  2/14   14:08   1:54   0:00 
Matthew Kessel           0  0  0   1  0   0  10 0  0  0  0/0    18:41   0:00   3:00 
Miles Wood               0  0  0   0  0   1  0  0  0  0  0/1     7:46   0:00   0:00 
Nate Schmidt             0  0  0   0  0   0  2  3  0  0  0/0    20:47   1:37   1:12 
Owen Power               1  0  1   1  0   1  0  3  0  0  0/0    18:28   2:21   0:00 
Philip Broberg           0  0  0   2  0   0  1  1  0  0  0/0    15:33   0:00   0:00 
Ryan Poehling            0  0  0   0  0   1  0  0  0  0  4/9     8:51   0:00   1:05 
Taylor Raddysh           1  2  3   3  0   5  2  0  0  0  0/1    14:41   0:00   0:00 
Trevor Zegras            0  0  0   0  0   2  1  0  0  0  12/25  19:13   2:04   0:00 
Troy Terry               0  0  0   0  0   4  0  0  0  0  1/3    19:13   2:04   0:00 
Tyson Barrie             0  2  2   2  0   3  1  2  0  0  0/0    21:27   1:37   0:55 
Tyson Foerster           0  0  0   0  2   0  1  0  0  0  2/2    11:29   0:00   0:00 
Wade Allison             0  0  0   0  0   3  4  1  0  0  0/0    10:53   0:00   3:07 

Players Stats for LOS ANGELES SEALS

Player Name              G  A  P  +/- PIM S  H  SB GA TA FO     MP     PP MP  PK MP  
------------------------------------------------------------------------------------
Alex Goligoski           0  0  0   0  0   0  2  3  0  0  0/0    14:05   0:00   0:00 
Blake Wheeler            0  0  0  -1  0   6  2  0  0  0  0/1    17:39   2:09   0:00 
Brandon Carlo            0  0  0   0  0   0  2  1  0  0  0/0    15:58   0:00   1:53 
Brent Burns              0  0  0  -2  0   2  1  0  0  0  0/0    23:46   2:23   2:05 
Claude Giroux            0  1  1  -2  0   3  1  0  0  0  1/1    21:04   2:03   0:00 
David Krejci             0  0  0  -2  4   2  1  0  0  0  12/24  18:18   0:00   0:45 
Drew Doughty             0  0  0  -2  0   0  3  0  0  0  0/0    21:14   1:49   0:00 
Gustav Forsling          0  0  0  -1  0   0  1  1  0  0  0/0    22:09   1:49   1:53 
Jake Evans               0  0  0   0  0   0  0  0  0  0  0/0     5:52   0:00   0:00 
Jordan Staal             0  0  0   0  0   1  0  0  0  0  8/10   14:03   0:00   2:13 
Mason McTavish           0  0  0   0  0   5  0  0  0  0  8/12    8:01   2:09   0:00 
Matthew Boldy            0  0  0  -1  2   5  1  0  0  0  1/2    17:38   2:09   0:00 
Nikita Kucherov          0  0  0  -2  0   2  0  0  0  0  1/1    20:57   2:03   0:00 
Noah Cates               0  0  0   0  0   0  0  0  0  0  0/0     7:37   0:00   1:45 
Noah Dobson              1  0  1  -1  0   4  1  2  0  0  0/0    22:48   2:23   2:05 
Owen Tippett             0  0  0   0  0   3  0  0  0  0  0/1    10:31   0:00   0:00 
Steven Stamkos           0  0  0  -1  0   2  0  1  0  0  15/26  19:36   2:03   1:00 
Zach Parise              0  0  0   0  0   3  0  0  0  0  0/0    12:44   0:00   2:13 

3 Stars

1 - Taylor Raddysh (TEX)
2 - Philipp Grubauer (TEX)
3 - Kevin Hayes (TEX)

Power Play

TEXAS TOROS - 0 on 2 Attempt(s) - 0,00%
LOS ANGELES SEALS - 1 on 3 Attempt(s) - 33,33%

Penalty Kill

TEXAS TOROS - 2 on 3 Attempt(s) - 66,67% - Score 0 goal in Penalty Kill
LOS ANGELES SEALS - 2 on 2 Attempt(s) - 100,00% - Score 0 goal in Penalty Kill

Team Stat

TEXAS TOROS - Hits : 29 - Faceoff Wins : 32 - Blocked Shots : 14 - Penalty Minutes : 8
LOS ANGELES SEALS - Hits : 15 - Faceoff Wins : 46 - Blocked Shots : 8 - Penalty Minutes : 6

Official

Referees : Garrett Rank and Kevin Pollock
Linesman : Bryan Pancich and Ryan Gibbons

Game Notes

David Krejci is injured at 18:25 of 3rd period (Bruised Left Shoulder)

Finance

Level 1 -- Attendance: 6000 (100,00%) -- Ticket Income 900 000 $
Level 2 -- Attendance: 5000 (100,00%) -- Ticket Income 495 000 $
Level 3 -- Attendance: 2000 (100,00%) -- Ticket Income 168 000 $
Level 4 -- Attendance: 3736 (93,40%) -- Ticket Income 298 880 $
Luxury Box -- Attendance: 1000 (100,00%) -- Ticket Income 300 000 $
Total Attendance: 17736 (98,53%)
Total Ticket Income: 2 161 880 $
Other Expense: 21 619 $
Total Income: 2 140 261 $

TEXAS TOROS

5 vs 5 Forward 
   Center                   Left Wing                Right Wing               Time % Phy DF OF 
 1 Trevor Zegras            Danton Heinen            Troy Terry               36     1   2  2  
 2 Kevin Hayes              Bobby Brink              Taylor Raddysh           31     1   2  2  
 3 Logan Cooley             Jesse Ylonen             Tyson Foerster           23     1   2  2  
 4 Ryan Poehling            Miles Wood               Wade Allison             10     1   2  2  

5 vs 5 Defense 
   Defense                  Defense                                           Time % Phy DF OF 
 1 Nate Schmidt             Dougie Hamilton                                   36     1   2  2  
 2 Tyson Barrie             Philip Broberg                                    31     1   2  2  
 3 Owen Power               Matthew Kessel                                    23     1   2  2  
 4 Tyson Barrie             Dougie Hamilton                                   10     1   2  2  

PowerPlay Forward 
   Center                   Left Wing                Right Wing               Time % Phy DF OF 
 1 Trevor Zegras            Bobby Brink              Troy Terry               55     1   1  3  
 2 Logan Cooley             Kevin Hayes              Danton Heinen            45     1   1  3  

PowerPlay Defense
   Defense                  Defense                                           Time % Phy DF OF 
 1 Owen Power               Dougie Hamilton                                   55     1   1  3  
 2 Tyson Barrie             Nate Schmidt                                      45     1   1  3  

Penalty Kill 4 Players Forward 
   Center                   Wing                     Time % Phy DF OF 
 1 Kevin Hayes              Wade Allison             55     1   3  1  
 2 Ryan Poehling            Jesse Ylonen             45     1   3  1  

Penalty Kill 4 Players Defense
   Defense                  Defense                  Time % Phy DF OF 
 1 Matthew Kessel           Dougie Hamilton          55     1   3  1  
 2 Nate Schmidt             Tyson Barrie             45     1   3  1  

Penalty Kill - 3 Players Forward 
   Forward                                           Time % Phy DF OF 
 1 Ryan Poehling                                     55     1   2  2  
 2 Wade Allison                                      45     1   2  2  

Penalty Kill - 3 Players Defense
   Defense                  Defense                  Time % Phy DF OF 
 1 Matthew Kessel           Dougie Hamilton          55     1   2  2  
 2 Nate Schmidt             Tyson Barrie             45     1   2  2  

4 vs 4 Forward 
   Center                   Wing                     Time % Phy DF OF 
 1 Trevor Zegras            Troy Terry               55     1   2  2  
 2 Logan Cooley             Bobby Brink              45     1   2  2  

4 vs 4 Defense
   Defense                  Defense                  Time % Phy DF OF 
 1 Owen Power               Dougie Hamilton          55     1   2  2  
 2 Tyson Barrie             Nate Schmidt             45     1   2  2  

Last Minutes Offensive
   Center                   Left Wing                Right Wing               Defense                  Defense                  
   Trevor Zegras            Logan Cooley             Kevin Hayes              Matthew Kessel           Dougie Hamilton          

Last Minutes Defensive
   Center                   Left Wing                Right Wing               Defense                  Defense                  
   Ryan Poehling            Wade Allison             Miles Wood               Matthew Kessel           Dougie Hamilton          

Goaltenders
Starting : Philipp Grubauer         
Backup : Adin Hill                

Extra Forwards
Normal : Jesse Ylonen, Tyson Foerster, Logan Cooley - PP : Jesse Ylonen, Tyson Foerster - PK : Logan Cooley
Extra Defensemen
Normal : Owen Power, Nate Schmidt, Tyson Barrie - PP : Owen Power - PK : Nate Schmidt, Tyson Barrie
Penalty Shots
Trevor Zegras, Troy Terry, Bobby Brink, Logan Cooley, Taylor Raddysh
Custom OT Lines Forwards
Kevin Hayes, Troy Terry, Trevor Zegras, Taylor Raddysh, Logan Cooley, Bobby Brink, Ryan Poehling, Wade Allison, Danton Heinen, Miles Wood
Custom OT Lines Defensemen
Philip Broberg, Dougie Hamilton, Tyson Barrie, Nate Schmidt, Owen Power

Scratches
Colin Blackwell (Healthy), Mikhail Sergachev (Left Hand Injury), Daniil Tarasov (Healthy)

LOS ANGELES SEALS

5 vs 5 Forward 
   Center                   Left Wing                Right Wing               Time % Phy DF OF 
 1 David Krejci             Claude Giroux            Nikita Kucherov          36     1   2  2  
 2 Steven Stamkos           Matthew Boldy            Blake Wheeler            31     0   2  2  
 3 Jordan Staal             Owen Tippett             Zach Parise              22     0   3  2  
 4 Mason McTavish           Noah Cates               Jake Evans               11     3   2  0  

5 vs 5 Defense 
   Defense                  Defense                                           Time % Phy DF OF 
 1 Drew Doughty             Brent Burns                                       38     2   2  1  
 2 Noah Dobson              Gustav Forsling                                   38     0   3  2  
 3 Brandon Carlo            Alex Goligoski                                    17     1   4  0  
 4 Drew Doughty             Brent Burns                                       7      1   2  2  

PowerPlay Forward 
   Center                   Left Wing                Right Wing               Time % Phy DF OF 
 1 Steven Stamkos           Claude Giroux            Nikita Kucherov          55     0   0  5  
 2 Mason McTavish           Matthew Boldy            Blake Wheeler            45     0   0  5  

PowerPlay Defense
   Defense                  Defense                                           Time % Phy DF OF 
 1 Noah Dobson              Brent Burns                                       55     0   2  3  
 2 Gustav Forsling          Drew Doughty                                      45     0   2  3  

Penalty Kill 4 Players Forward 
   Center                   Wing                     Time % Phy DF OF 
 1 Jordan Staal             Zach Parise              55     0   5  0  
 2 David Krejci             Noah Cates               45     0   5  0  

Penalty Kill 4 Players Defense
   Defense                  Defense                  Time % Phy DF OF 
 1 Brandon Carlo            Gustav Forsling          55     0   5  0  
 2 Brent Burns              Noah Dobson              45     0   5  0  

Penalty Kill - 3 Players Forward 
   Forward                                           Time % Phy DF OF 
 1 Jordan Staal                                      55     0   5  0  
 2 David Krejci                                      45     0   5  0  

Penalty Kill - 3 Players Defense
   Defense                  Defense                  Time % Phy DF OF 
 1 Noah Dobson              Gustav Forsling          55     0   5  0  
 2 Brent Burns              Brandon Carlo            45     0   5  0  

4 vs 4 Forward 
   Center                   Wing                     Time % Phy DF OF 
 1 Steven Stamkos           Claude Giroux            55     1   2  2  
 2 David Krejci             Nikita Kucherov          45     1   2  2  

4 vs 4 Defense
   Defense                  Defense                  Time % Phy DF OF 
 1 Noah Dobson              Brent Burns              55     1   2  2  
 2 Drew Doughty             Gustav Forsling          45     1   2  2  

Last Minutes Offensive
   Center                   Left Wing                Right Wing               Defense                  Defense                  
   Claude Giroux            Steven Stamkos           Nikita Kucherov          Noah Dobson              Brent Burns              

Last Minutes Defensive
   Center                   Left Wing                Right Wing               Defense                  Defense                  
   Claude Giroux            Steven Stamkos           Blake Wheeler            Drew Doughty             Brent Burns              

Goaltenders
Starting : Jeremy Swayman           
Backup : Marc-Andre Fleury        

Extra Forwards
Normal : Claude Giroux, Nikita Kucherov, Steven Stamkos - PP : Matthew Boldy, Owen Tippett - PK : Noah Cates
Extra Defensemen
Normal : Drew Doughty, Brent Burns, Noah Dobson - PP : Drew Doughty - PK : Brent Burns, Noah Dobson
Penalty Shots
Nikita Kucherov, Claude Giroux, David Krejci, Steven Stamkos, Matthew Boldy
Custom OT Lines Forwards
Nikita Kucherov, Claude Giroux, David Krejci, Blake Wheeler, Mason McTavish, Zach Parise, Steven Stamkos, Matthew Boldy, Owen Tippett, Noah Cates
Custom OT Lines Defensemen
Brandon Carlo, Gustav Forsling, Noah Dobson, Brent Burns, Drew Doughty

Scratches
Philip Tomasino (Healthy), Joonas Korpisalo (Healthy)

% Time on Ice - TEXAS TOROS

Lines # - Real PCT - Wanted PCT - Time Play
Normal Forward
1 - 32% - 36% - 15:54
2 - 29% - 31% - 14:41
3 - 23% - 23% - 11:30
4 - 16% - 10% - 7:46
Normal Defense
1 - 35% - 36% - 17:14
2 - 30% - 31% - 14:55
3 - 30% - 23% - 15:03
4 - 5% - 10% - 2:39
PP Forward
1 - 52% - 55% - 2:04
2 - 48% - 45% - 1:54
PP Defense
1 - 59% - 55% - 2:21
2 - 41% - 45% - 1:37
PK Forward
1 - 74% - 55% - 3:07
2 - 26% - 45% - 1:05
PK Defense
1 - 78% - 55% - 3:17
2 - 22% - 45% - 0:55
PK3 Forward
1 - 0% - 55%
2 - 0% - 45%
PK3 Defense
1 - 0% - 55%
2 - 0% - 45%
44 Forward
1 - 63% - 55% - 1:15
2 - 37% - 45% - 0:44
44 Defense
1 - 63% - 55% - 1:15
2 - 37% - 45% - 0:44
Last Minute Offensive  - 0:00
Last Minute Defensive  - 0:00
Total
Forward - 60:00
Defense - 60:00

% Time on Ice - LOS ANGELES SEALS

Lines # - Real PCT - Wanted PCT - Time Play
Normal Forward
1 - 36% - 36% - 17:58
2 - 31% - 31% - 15:30
3 - 21% - 22% - 10:31
4 - 12% - 11% - 5:52
Normal Defense
1 - 35% - 38% - 17:22
2 - 35% - 38% - 17:24
3 - 28% - 17% - 14:05
4 - 2% - 7% - 1:00
PP Forward
1 - 49% - 55% - 2:03
2 - 51% - 45% - 2:09
PP Defense
1 - 57% - 55% - 2:23
2 - 43% - 45% - 1:49
PK Forward
1 - 56% - 55% - 2:13
2 - 44% - 45% - 1:45
PK Defense
1 - 47% - 55% - 1:53
2 - 53% - 45% - 2:05
PK3 Forward
1 - 0% - 55%
2 - 0% - 45%
PK3 Defense
1 - 0% - 55%
2 - 0% - 45%
44 Forward
1 - 53% - 55% - 1:03
2 - 47% - 45% - 0:56
44 Defense
1 - 47% - 55% - 0:56
2 - 53% - 45% - 1:03
Last Minute Offensive  - 0:00
Last Minute Defensive  - 0:00
Total
Forward - 60:00
Defense - 60:00

Play-by-Play

1st period


0:01 of 1st period - Trevor Zegras wins face-off versus David Krejci in neutral zone.
0:09 of 1st period - Troy Terry is hit by Drew Doughty and loses puck.
0:26 of 1st period - Shot by Claude Giroux.
0:26 of 1st period - Stopped by Philipp Grubauer without a rebound.
0:27 of 1st period - Steven Stamkos wins face-off versus Taylor Raddysh in TEXAS TOROS zone.
0:50 of 1st period - Shot by Bobby Brink.
0:50 of 1st period - Shot Misses the Net.
0:56 of 1st period - Shot by Bobby Brink.
0:56 of 1st period - Stopped by Jeremy Swayman with a rebound.
0:58 of 1st period - Shot by Taylor Raddysh.
0:58 of 1st period - Stopped by Jeremy Swayman without a rebound.
0:59 of 1st period - Jordan Staal wins face-off versus Logan Cooley in LOS ANGELES SEALS zone.
1:16 of 1st period - Shot by Owen Tippett.
1:16 of 1st period - Stopped by Philipp Grubauer with a rebound.
1:18 of 1st period - Shot by Zach Parise.
1:18 of 1st period - Shot Misses the Net.
1:20 of 1st period - Shot by Owen Tippett.
1:20 of 1st period - Deflect By Zach Parise.
1:20 of 1st period - Stopped by Philipp Grubauer with a rebound.
2:23 of 1st period - Icing by Dougie Hamilton.
2:24 of 1st period - Troy Terry wins face-off versus Mason McTavish in TEXAS TOROS zone.
2:40 of 1st period - Icing by Noah Dobson.
2:41 of 1st period - Mason McTavish wins face-off versus Kevin Hayes in LOS ANGELES SEALS zone.
2:55 of 1st period - Off-side.
2:56 of 1st period - Steven Stamkos wins face-off versus Ryan Poehling in neutral zone.
3:04 of 1st period - Icing by Dougie Hamilton.
3:05 of 1st period - David Krejci wins face-off versus Ryan Poehling in TEXAS TOROS zone.
3:24 of 1st period - Shot by Claude Giroux.
3:24 of 1st period - Stopped by Philipp Grubauer without a rebound.
3:25 of 1st period - Trevor Zegras wins face-off versus Steven Stamkos in TEXAS TOROS zone.
3:36 of 1st period - Shot by Trevor Zegras.
3:36 of 1st period - Stopped by Jeremy Swayman without a rebound.
3:37 of 1st period - Kevin Hayes wins face-off versus David Krejci in LOS ANGELES SEALS zone.
4:08 of 1st period - Shot by Kevin Hayes.
4:08 of 1st period - Shot Misses the Net.
4:10 of 1st period - Shot by Bobby Brink.
4:10 of 1st period - Shot Misses the Net.
4:19 of 1st period - Kevin Hayes is hit by Drew Doughty and loses puck.
5:05 of 1st period - Icing by Noah Dobson.
5:06 of 1st period - Ryan Poehling wins face-off versus Steven Stamkos in LOS ANGELES SEALS zone.
5:15 of 1st period - Ryan Poehling is hit by Blake Wheeler and loses puck.
5:23 of 1st period - Steven Stamkos is hit by Nate Schmidt and loses puck.
5:51 of 1st period - Noah Dobson is hit by Wade Allison.
6:15 of 1st period - Shot by Jordan Staal.
6:15 of 1st period - Stopped by Philipp Grubauer without a rebound.
6:16 of 1st period - Kevin Hayes wins face-off versus David Krejci in TEXAS TOROS zone.
6:21 of 1st period - Shot by Taylor Raddysh.
6:21 of 1st period - Shot Misses the Net.
6:23 of 1st period - Shot by Kevin Hayes.
6:23 of 1st period - Goal by Kevin Hayes - TEXAS TOROS : 1 - LOS ANGELES SEALS : 0.
6:24 of 1st period - Mason McTavish wins face-off versus Trevor Zegras in neutral zone.
6:54 of 1st period - Shot by Noah Cates.
6:54 of 1st period - Deflect By Mason McTavish.
6:54 of 1st period - Shot Misses the Net.
6:56 of 1st period - Shot by Brent Burns.
6:56 of 1st period - Stopped by Philipp Grubauer with a rebound.
7:34 of 1st period - David Krejci is hit by Bobby Brink and loses puck.
7:45 of 1st period - Shot by Bobby Brink.
7:45 of 1st period - Shot Misses the Net.
7:47 of 1st period - Shot by Owen Power.
7:47 of 1st period - Deflect By Kevin Hayes.
7:47 of 1st period - Shot Misses the Net.
8:24 of 1st period - Icing by Brandon Carlo.
8:25 of 1st period - Ryan Poehling wins face-off versus David Krejci in LOS ANGELES SEALS zone.
8:29 of 1st period - Shot by Wade Allison.
8:29 of 1st period - Stopped by Jeremy Swayman without a rebound.
8:30 of 1st period - Jordan Staal wins face-off versus Logan Cooley in LOS ANGELES SEALS zone.
8:59 of 1st period - Shot by Tyson Foerster.
8:59 of 1st period - Shot Misses the Net.
9:32 of 1st period - Brent Burns is hit by Wade Allison and loses puck.
9:47 of 1st period - Shot by Ryan Poehling.
9:47 of 1st period - Shot Misses the Net.
10:11 of 1st period - Shot by Trevor Zegras.
10:11 of 1st period - Stopped by Jeremy Swayman with a rebound.
10:13 of 1st period - Shot by Danton Heinen.
10:13 of 1st period - Stopped by Jeremy Swayman without a rebound.
10:14 of 1st period - Kevin Hayes wins face-off versus Steven Stamkos in LOS ANGELES SEALS zone.
10:31 of 1st period - Shot by Bobby Brink.
10:31 of 1st period - Stopped by Jeremy Swayman without a rebound.
10:32 of 1st period - Trevor Zegras wins face-off versus David Krejci in LOS ANGELES SEALS zone.
10:43 of 1st period - Shot by Trevor Zegras.
10:43 of 1st period - Shot Misses the Net.
11:01 of 1st period - Shot by Trevor Zegras.
11:01 of 1st period - Shot Misses the Net.
11:03 of 1st period - Shot by Dougie Hamilton.
11:03 of 1st period - Shot Misses the Net.
11:11 of 1st period - Shot by Troy Terry.
11:11 of 1st period - Stopped by Jeremy Swayman without a rebound.
11:12 of 1st period - Kevin Hayes wins face-off versus Steven Stamkos in LOS ANGELES SEALS zone.
11:24 of 1st period - Matthew Boldy is hit by Philip Broberg and loses puck.
11:47 of 1st period - Shot by Blake Wheeler.
11:47 of 1st period - Stopped by Philipp Grubauer without a rebound.
11:48 of 1st period - Tyson Foerster wins face-off versus Mason McTavish in TEXAS TOROS zone.
11:58 of 1st period - Icing by Owen Power.
11:59 of 1st period - David Krejci wins face-off versus Logan Cooley in TEXAS TOROS zone.
12:22 of 1st period - Shot by David Krejci.
12:22 of 1st period - Stopped by Philipp Grubauer without a rebound.
12:23 of 1st period - Steven Stamkos wins face-off versus Trevor Zegras in TEXAS TOROS zone.
12:35 of 1st period - Minor Penalty to Matthew Boldy for Tripping.
12:36 of 1st period - Jordan Staal wins face-off versus Trevor Zegras in LOS ANGELES SEALS zone.
13:12 of 1st period - Icing by Dougie Hamilton.
13:13 of 1st period - Jordan Staal wins face-off versus Troy Terry in TEXAS TOROS zone.
14:17 of 1st period - Kevin Hayes is hit by Noah Dobson and loses puck.
14:44 of 1st period - Shot by Ryan Poehling.
14:44 of 1st period - Stopped by Jeremy Swayman without a rebound.
14:45 of 1st period - Steven Stamkos wins face-off versus Ryan Poehling in LOS ANGELES SEALS zone.
14:45 of 1st period - Steven Stamkos is hit by Wade Allison.
14:54 of 1st period - Blake Wheeler is hit by Matthew Kessel and loses puck.
15:07 of 1st period - Shot by Wade Allison.
15:07 of 1st period - Stopped by Jeremy Swayman without a rebound.
15:08 of 1st period - David Krejci wins face-off versus Logan Cooley in LOS ANGELES SEALS zone.
15:25 of 1st period - Shot by Nikita Kucherov.
15:25 of 1st period - Stopped by Philipp Grubauer with a rebound.
15:27 of 1st period - Shot by Brent Burns.
15:27 of 1st period - Shot Blocked by Nate Schmidt.
15:32 of 1st period - Icing by Nate Schmidt.
15:33 of 1st period - Steven Stamkos wins face-off versus Logan Cooley in TEXAS TOROS zone.
15:53 of 1st period - Shot by Steven Stamkos.
15:53 of 1st period - Deflect By Matthew Boldy.
15:53 of 1st period - Stopped by Philipp Grubauer with a rebound.
16:09 of 1st period - Shot by Blake Wheeler.
16:09 of 1st period - Stopped by Philipp Grubauer with a rebound.
16:11 of 1st period - Shot by Blake Wheeler.
16:11 of 1st period - Stopped by Philipp Grubauer without a rebound.
16:12 of 1st period - Trevor Zegras wins face-off versus David Krejci in TEXAS TOROS zone.
16:37 of 1st period - David Krejci is hit by Tyson Barrie and loses puck.
17:08 of 1st period - Shot by Kevin Hayes.
17:08 of 1st period - Stopped by Jeremy Swayman with a rebound.
17:10 of 1st period - Shot by Taylor Raddysh.
17:10 of 1st period - Stopped by Jeremy Swayman without a rebound.
17:11 of 1st period - Steven Stamkos wins face-off versus Miles Wood in LOS ANGELES SEALS zone.
17:26 of 1st period - Shot by Blake Wheeler.
17:26 of 1st period - Shot Blocked by Wade Allison.
17:28 of 1st period - Shot by Blake Wheeler.
17:28 of 1st period - Stopped by Philipp Grubauer without a rebound.
17:29 of 1st period - Kevin Hayes wins face-off versus Jordan Staal in TEXAS TOROS zone.
17:44 of 1st period - Shot by Owen Tippett.
17:44 of 1st period - Shot Blocked by Nate Schmidt.
17:46 of 1st period - Shot by Owen Tippett.
17:46 of 1st period - Shot Misses the Net.
17:48 of 1st period - Shot by Zach Parise.
17:48 of 1st period - Stopped by Philipp Grubauer without a rebound.
17:49 of 1st period - Logan Cooley wins face-off versus Blake Wheeler in TEXAS TOROS zone.
18:07 of 1st period - Gustav Forsling is hit by Matthew Kessel.
18:34 of 1st period - Minor Penalty to Tyson Foerster for Hooking.
18:35 of 1st period - Claude Giroux wins face-off versus Kevin Hayes in TEXAS TOROS zone.
18:48 of 1st period - Shot by Noah Dobson.
18:48 of 1st period - Goal by Noah Dobson - TEXAS TOROS : 1 - LOS ANGELES SEALS : 1.
18:49 of 1st period - Jordan Staal wins face-off versus Trevor Zegras in neutral zone.
19:08 of 1st period - Shot by Tyson Barrie.
19:08 of 1st period - Stopped by Jeremy Swayman without a rebound.
19:09 of 1st period - Kevin Hayes wins face-off versus David Krejci in LOS ANGELES SEALS zone.
19:21 of 1st period - Taylor Raddysh is hit by Brandon Carlo and loses puck.
19:40 of 1st period - Taylor Raddysh is hit by Brandon Carlo.
Goals for this period are 1 for TEXAS TOROS vs 1 for LOS ANGELES SEALS.
Shots for this period are 14 for TEXAS TOROS vs 15 for LOS ANGELES SEALS.

2nd period


0:01 of 2nd period - Danton Heinen wins face-off versus Steven Stamkos in neutral zone.
1:19 of 2nd period - Taylor Raddysh is hit by Drew Doughty and loses puck.
1:23 of 2nd period - Icing by Drew Doughty.
1:24 of 2nd period - Jordan Staal wins face-off versus Logan Cooley in LOS ANGELES SEALS zone.
1:50 of 2nd period - Owen Tippett is hit by Matthew Kessel.
2:30 of 2nd period - Shot by Ryan Poehling.
2:30 of 2nd period - Deflect By Miles Wood.
2:30 of 2nd period - Stopped by Jeremy Swayman without a rebound.
2:31 of 2nd period - Mason McTavish wins face-off versus Trevor Zegras in LOS ANGELES SEALS zone.
2:31 of 2nd period - Mason McTavish is hit by Danton Heinen.
2:43 of 2nd period - Gustav Forsling is hit by Danton Heinen and loses puck.
2:51 of 2nd period - Shot by Tyson Barrie.
2:51 of 2nd period - Stopped by Jeremy Swayman without a rebound.
2:52 of 2nd period - Steven Stamkos wins face-off versus Kevin Hayes in LOS ANGELES SEALS zone.
2:58 of 2nd period - Shot by Kevin Hayes.
2:58 of 2nd period - Stopped by Jeremy Swayman without a rebound.
2:59 of 2nd period - David Krejci wins face-off versus Bobby Brink in LOS ANGELES SEALS zone.
2:59 of 2nd period - David Krejci is hit by Bobby Brink.
3:27 of 2nd period - Shot by Kevin Hayes.
3:27 of 2nd period - Stopped by Jeremy Swayman without a rebound.
3:28 of 2nd period - Steven Stamkos wins face-off versus Trevor Zegras in LOS ANGELES SEALS zone.
3:42 of 2nd period - Shot by Trevor Zegras.
3:42 of 2nd period - Shot Misses the Net.
3:44 of 2nd period - Shot by Danton Heinen.
3:44 of 2nd period - Deflect By Trevor Zegras.
3:44 of 2nd period - Shot Misses the Net.
3:49 of 2nd period - Icing by Drew Doughty.
3:50 of 2nd period - Matthew Boldy wins face-off versus Logan Cooley in LOS ANGELES SEALS zone.
4:18 of 2nd period - Off-side.
4:19 of 2nd period - David Krejci wins face-off versus Trevor Zegras in neutral zone.
4:31 of 2nd period - Shot by David Krejci.
4:31 of 2nd period - Shot Misses the Net.
4:35 of 2nd period - Shot by Nikita Kucherov.
4:35 of 2nd period - Shot Misses the Net.
4:57 of 2nd period - Shot by Nikita Kucherov.
4:57 of 2nd period - Shot Blocked by Tyson Barrie.
5:19 of 2nd period - Shot by Jake Evans.
5:19 of 2nd period - Shot Misses the Net.
5:31 of 2nd period - Jake Evans is hit by Trevor Zegras and loses puck.
5:54 of 2nd period - Shot by Kevin Hayes.
5:54 of 2nd period - Stopped by Jeremy Swayman with a rebound.
5:56 of 2nd period - Shot by Kevin Hayes.
5:56 of 2nd period - Stopped by Jeremy Swayman with a rebound.
5:58 of 2nd period - Shot by Kevin Hayes.
5:58 of 2nd period - Stopped by Jeremy Swayman without a rebound.
5:59 of 2nd period - Logan Cooley wins face-off versus Owen Tippett in LOS ANGELES SEALS zone.
6:10 of 2nd period - Logan Cooley is hit by Alex Goligoski and loses puck.
6:42 of 2nd period - Shot by Tyson Foerster.
6:42 of 2nd period - Deflect By Logan Cooley.
6:42 of 2nd period - Stopped by Jeremy Swayman with a rebound.
7:11 of 2nd period - Nikita Kucherov is hit by Nate Schmidt and loses puck.
7:23 of 2nd period - Shot by Claude Giroux.
7:23 of 2nd period - Deflect By David Krejci.
7:23 of 2nd period - Stopped by Philipp Grubauer with a rebound.
7:54 of 2nd period - Icing by Dougie Hamilton.
7:55 of 2nd period - Kevin Hayes wins face-off versus Steven Stamkos in TEXAS TOROS zone.
8:11 of 2nd period - Steven Stamkos is hit by Matthew Kessel and loses puck.
8:54 of 2nd period - Zach Parise is hit by Wade Allison and loses puck.
9:23 of 2nd period - Shot by Owen Tippett.
9:23 of 2nd period - Shot Blocked by Philip Broberg.
9:31 of 2nd period - Shot by Zach Parise.
9:31 of 2nd period - Stopped by Philipp Grubauer without a rebound.
9:32 of 2nd period - Tyson Foerster wins face-off versus David Krejci in TEXAS TOROS zone.
11:02 of 2nd period - Kevin Hayes is hit by Matthew Boldy and loses puck.
11:44 of 2nd period - Shot by Mason McTavish.
11:44 of 2nd period - Shot Misses the Net.
12:00 of 2nd period - Shot by Mason McTavish.
12:00 of 2nd period - Stopped by Philipp Grubauer without a rebound.
12:01 of 2nd period - David Krejci wins face-off versus Trevor Zegras in TEXAS TOROS zone.
12:20 of 2nd period - Gustav Forsling is hit by Danton Heinen and loses puck.
12:21 of 2nd period - Minor Penalty to Danton Heinen for Slashing.
12:22 of 2nd period - Mason McTavish wins face-off versus Ryan Poehling in TEXAS TOROS zone.
12:28 of 2nd period - Shot by Brent Burns.
12:28 of 2nd period - Shot Misses the Net.
12:30 of 2nd period - Shot by Mason McTavish.
12:30 of 2nd period - Stopped by Philipp Grubauer with a rebound.
12:32 of 2nd period - Shot by Noah Dobson.
12:32 of 2nd period - Stopped by Philipp Grubauer without a rebound.
12:33 of 2nd period - Steven Stamkos wins face-off versus Kevin Hayes in TEXAS TOROS zone.
13:38 of 2nd period - Shot by Mason McTavish.
13:38 of 2nd period - Deflect By Matthew Boldy.
13:38 of 2nd period - Stopped by Philipp Grubauer with a rebound.
13:42 of 2nd period - Shot by Mason McTavish.
13:42 of 2nd period - Stopped by Philipp Grubauer with a rebound.
13:44 of 2nd period - Shot by Mason McTavish.
13:44 of 2nd period - Stopped by Philipp Grubauer without a rebound.
13:45 of 2nd period - Ryan Poehling wins face-off versus Mason McTavish in TEXAS TOROS zone.
13:54 of 2nd period - Ryan Poehling is hit by Blake Wheeler and loses puck.
14:19 of 2nd period - Shot by Blake Wheeler.
14:19 of 2nd period - Stopped by Philipp Grubauer with a rebound.
14:35 of 2nd period - Shot by Troy Terry.
14:35 of 2nd period - Stopped by Jeremy Swayman without a rebound.
14:36 of 2nd period - Trevor Zegras wins face-off versus David Krejci in LOS ANGELES SEALS zone.
14:37 of 2nd period - Shot by Troy Terry.
14:37 of 2nd period - Shot Blocked by Brandon Carlo.
14:39 of 2nd period - Shot by Tyson Barrie.
14:39 of 2nd period - Stopped by Jeremy Swayman without a rebound.
14:40 of 2nd period - David Krejci wins face-off versus Trevor Zegras in LOS ANGELES SEALS zone.
15:05 of 2nd period - Shot by Trevor Zegras.
15:05 of 2nd period - Shot Misses the Net.
15:14 of 2nd period - Minor Penalty to Danton Heinen for Hooking.
15:15 of 2nd period - Mason McTavish wins face-off versus Kevin Hayes in TEXAS TOROS zone.
15:37 of 2nd period - Shot by Brent Burns.
15:37 of 2nd period - Stopped by Philipp Grubauer without a rebound.
15:38 of 2nd period - Kevin Hayes wins face-off versus Steven Stamkos in TEXAS TOROS zone.
16:13 of 2nd period - Shot by Steven Stamkos.
16:13 of 2nd period - Shot Misses the Net.
16:46 of 2nd period - Shot by Brent Burns.
16:46 of 2nd period - Shot Blocked by Dougie Hamilton.
16:48 of 2nd period - Shot by Noah Dobson.
16:48 of 2nd period - Stopped by Philipp Grubauer with a rebound.
16:50 of 2nd period - Shot by Mason McTavish.
16:50 of 2nd period - Shot Blocked by Dougie Hamilton.
16:52 of 2nd period - Shot by Mason McTavish.
16:52 of 2nd period - Stopped by Philipp Grubauer with a rebound.
16:54 of 2nd period - Shot by Mason McTavish.
16:54 of 2nd period - Shot Misses the Net.
16:56 of 2nd period - Shot by Noah Dobson.
16:56 of 2nd period - Shot Misses the Net.
16:58 of 2nd period - Shot by Mason McTavish.
16:58 of 2nd period - Shot Misses the Net.
17:16 of 2nd period - Shot by Owen Tippett.
17:16 of 2nd period - Stopped by Philipp Grubauer with a rebound.
17:33 of 2nd period - Troy Terry is hit by Alex Goligoski and loses puck.
18:25 of 2nd period - Shot by Logan Cooley.
18:25 of 2nd period - Stopped by Jeremy Swayman without a rebound.
18:26 of 2nd period - Steven Stamkos wins face-off versus Jesse Ylonen in LOS ANGELES SEALS zone.
19:08 of 2nd period - Icing by Brent Burns.
19:09 of 2nd period - Trevor Zegras wins face-off versus Matthew Boldy in LOS ANGELES SEALS zone.
19:29 of 2nd period - Icing by Brent Burns.
19:30 of 2nd period - Kevin Hayes wins face-off versus Steven Stamkos in LOS ANGELES SEALS zone.
Goals for this period are 0 for TEXAS TOROS vs 0 for LOS ANGELES SEALS.
Shots for this period are 11 for TEXAS TOROS vs 13 for LOS ANGELES SEALS.

3rd period


0:01 of 3rd period - Trevor Zegras wins face-off versus David Krejci in neutral zone.
0:26 of 3rd period - Shot by Troy Terry.
0:26 of 3rd period - Stopped by Jeremy Swayman without a rebound.
0:27 of 3rd period - Kevin Hayes wins face-off versus Steven Stamkos in LOS ANGELES SEALS zone.
0:58 of 3rd period - Shot by Taylor Raddysh.
0:58 of 3rd period - Stopped by Jeremy Swayman with a rebound.
1:02 of 3rd period - Shot by Kevin Hayes.
1:02 of 3rd period - Stopped by Jeremy Swayman without a rebound.
1:03 of 3rd period - David Krejci wins face-off versus Troy Terry in LOS ANGELES SEALS zone.
1:39 of 3rd period - Icing by Dougie Hamilton.
1:40 of 3rd period - Steven Stamkos wins face-off versus Trevor Zegras in TEXAS TOROS zone.
1:58 of 3rd period - Shot by Steven Stamkos.
1:58 of 3rd period - Shot Blocked by Nate Schmidt.
2:26 of 3rd period - Icing by Brent Burns.
2:27 of 3rd period - Steven Stamkos wins face-off versus Kevin Hayes in LOS ANGELES SEALS zone.
2:27 of 3rd period - Steven Stamkos is hit by Taylor Raddysh.
2:30 of 3rd period - Matthew Boldy is hit by Bobby Brink and loses puck.
2:47 of 3rd period - Shot by Taylor Raddysh.
2:47 of 3rd period - Goal by Taylor Raddysh - TEXAS TOROS : 2 - LOS ANGELES SEALS : 1.
2:48 of 3rd period - David Krejci wins face-off versus Logan Cooley in neutral zone.
3:58 of 3rd period - Jordan Staal is hit by Bobby Brink and loses puck.
4:07 of 3rd period - Shot by Kevin Hayes.
4:07 of 3rd period - Deflect By Bobby Brink.
4:07 of 3rd period - Shot Misses the Net.
4:17 of 3rd period - Shot by Kevin Hayes.
4:17 of 3rd period - Deflect By Taylor Raddysh.
4:17 of 3rd period - Shot Blocked by Alex Goligoski.
4:25 of 3rd period - Shot by Taylor Raddysh.
4:25 of 3rd period - Stopped by Jeremy Swayman with a rebound.
4:27 of 3rd period - Shot by Kevin Hayes.
4:27 of 3rd period - Shot Blocked by Alex Goligoski.
4:34 of 3rd period - Icing by Zach Parise.
4:35 of 3rd period - Ryan Poehling wins face-off versus Jordan Staal in LOS ANGELES SEALS zone.
4:48 of 3rd period - Shot by Wade Allison.
4:48 of 3rd period - Stopped by Jeremy Swayman without a rebound.
4:49 of 3rd period - Mason McTavish wins face-off versus Trevor Zegras in LOS ANGELES SEALS zone.
5:27 of 3rd period - Off-side.
5:28 of 3rd period - David Krejci wins face-off versus Kevin Hayes in neutral zone.
5:34 of 3rd period - Nikita Kucherov is hit by Matthew Kessel and loses puck.
5:53 of 3rd period - Shot by Taylor Raddysh.
5:53 of 3rd period - Shot Blocked by Noah Dobson.
6:03 of 3rd period - Shot by Bobby Brink.
6:03 of 3rd period - Shot Misses the Net.
6:05 of 3rd period - Shot by Owen Power.
6:05 of 3rd period - Goal by Owen Power - TEXAS TOROS : 3 - LOS ANGELES SEALS : 1.
6:06 of 3rd period - Steven Stamkos wins face-off versus Logan Cooley in neutral zone.
6:48 of 3rd period - Shot by Brent Burns.
6:48 of 3rd period - Shot Blocked by Tyson Barrie.
6:50 of 3rd period - Shot by Blake Wheeler.
6:50 of 3rd period - Stopped by Philipp Grubauer without a rebound.
6:51 of 3rd period - Trevor Zegras wins face-off versus David Krejci in TEXAS TOROS zone.
7:15 of 3rd period - Shot by Claude Giroux.
7:15 of 3rd period - Stopped by Philipp Grubauer without a rebound.
7:16 of 3rd period - Jordan Staal wins face-off versus Kevin Hayes in TEXAS TOROS zone.
7:21 of 3rd period - Shot by Zach Parise.
7:21 of 3rd period - Shot Blocked by Owen Power.
7:41 of 3rd period - Shot by Owen Tippett.
7:41 of 3rd period - Shot Blocked by Owen Power.
7:43 of 3rd period - Shot by Zach Parise.
7:43 of 3rd period - Shot Blocked by Owen Power.
7:45 of 3rd period - Shot by Zach Parise.
7:45 of 3rd period - Shot Misses the Net.
7:55 of 3rd period - Shot by Owen Tippett.
7:55 of 3rd period - Stopped by Philipp Grubauer with a rebound.
8:14 of 3rd period - Off-side.
8:15 of 3rd period - Trevor Zegras wins face-off versus Steven Stamkos in neutral zone.
8:24 of 3rd period - Shot by Troy Terry.
8:24 of 3rd period - Shot Misses the Net.
8:26 of 3rd period - Shot by Trevor Zegras.
8:26 of 3rd period - Shot Blocked by Noah Dobson.
8:32 of 3rd period - Shot by Troy Terry.
8:32 of 3rd period - Shot Misses the Net.
8:38 of 3rd period - Shot by Trevor Zegras.
8:38 of 3rd period - Shot Blocked by Gustav Forsling.
8:40 of 3rd period - Shot by Troy Terry.
8:40 of 3rd period - Shot Blocked by Steven Stamkos.
8:42 of 3rd period - Shot by Troy Terry.
8:42 of 3rd period - Shot Misses the Net.
8:59 of 3rd period - Icing by Troy Terry.
9:00 of 3rd period - Trevor Zegras wins face-off versus David Krejci in TEXAS TOROS zone.
9:00 of 3rd period - Trevor Zegras is hit by Claude Giroux.
9:03 of 3rd period - Minor Penalty to David Krejci for High sticking.
9:04 of 3rd period - Jordan Staal wins face-off versus Logan Cooley in LOS ANGELES SEALS zone.
10:28 of 3rd period - Kevin Hayes is hit by Brent Burns and loses puck.
12:27 of 3rd period - Shot by Owen Tippett.
12:27 of 3rd period - Shot Misses the Net.
13:07 of 3rd period - Shot by Matthew Boldy.
13:07 of 3rd period - Stopped by Philipp Grubauer without a rebound.
13:08 of 3rd period - David Krejci wins face-off versus Trevor Zegras in TEXAS TOROS zone.
13:29 of 3rd period - Shot by David Krejci.
13:29 of 3rd period - Shot Blocked by Dougie Hamilton.
13:51 of 3rd period - Minor Penalty to David Krejci for Tripping.
13:51 of 3rd period - Minor Penalty to Dougie Hamilton for Tripping.
13:52 of 3rd period - Steven Stamkos wins face-off versus Logan Cooley in TEXAS TOROS zone.
15:26 of 3rd period - Icing by Troy Terry.
15:27 of 3rd period - Trevor Zegras wins face-off versus Steven Stamkos in TEXAS TOROS zone.
15:33 of 3rd period - Troy Terry is hit by Gustav Forsling and loses puck.
16:01 of 3rd period - Noah Cates is hit by Tyson Foerster and loses puck.
16:05 of 3rd period - Icing by Alex Goligoski.
16:06 of 3rd period - Mason McTavish wins face-off versus Kevin Hayes in LOS ANGELES SEALS zone.
16:13 of 3rd period - Shot by Taylor Raddysh.
16:13 of 3rd period - Shot Misses the Net.
16:16 of 3rd period - Icing by Brandon Carlo.
16:17 of 3rd period - Mason McTavish wins face-off versus Logan Cooley in LOS ANGELES SEALS zone.
16:36 of 3rd period - Shot by Mason McTavish.
16:36 of 3rd period - Shot Misses the Net.
16:48 of 3rd period - Shot by Logan Cooley.
16:48 of 3rd period - Shot Blocked by Alex Goligoski.
17:31 of 3rd period - Shot by Steven Stamkos.
17:31 of 3rd period - Shot Blocked by Dougie Hamilton.
17:33 of 3rd period - Shot by Blake Wheeler.
17:33 of 3rd period - Deflect By Matthew Boldy.
17:33 of 3rd period - Stopped by Philipp Grubauer with a rebound.
17:35 of 3rd period - Shot by Noah Dobson.
17:35 of 3rd period - Stopped by Philipp Grubauer with a rebound.
17:37 of 3rd period - Shot by Steven Stamkos.
17:37 of 3rd period - Shot Misses the Net.
17:41 of 3rd period - Shot by Matthew Boldy.
17:41 of 3rd period - Stopped by Philipp Grubauer without a rebound.
17:42 of 3rd period - David Krejci wins face-off versus Trevor Zegras in TEXAS TOROS zone.
17:56 of 3rd period - Shot by Trevor Zegras.
17:56 of 3rd period - Shot Misses the Net.
18:11 of 3rd period - Icing by Nikita Kucherov.
18:12 of 3rd period - Nikita Kucherov wins face-off versus Kevin Hayes in LOS ANGELES SEALS zone.
18:12 of 3rd period - Nikita Kucherov is hit by Taylor Raddysh.
18:18 of 3rd period - Kevin Hayes is hit by David Krejci and loses puck.
18:24 of 3rd period - David Krejci is hit by Matthew Kessel and loses puck.
18:25 of 3rd period - David Krejci from LOS ANGELES SEALS is injured at 18:25 of 3rd period (Bruised Left Shoulder).
18:26 of 3rd period - Steven Stamkos wins face-off versus Ryan Poehling in TEXAS TOROS zone.
18:26 of 3rd period - Steven Stamkos is hit by Matthew Kessel.
18:28 of 3rd period - Shot by Blake Wheeler.
18:28 of 3rd period - Shot Misses the Net.
18:35 of 3rd period - Matthew Boldy is hit by Matthew Kessel and loses puck.
18:51 of 3rd period - Steven Stamkos is hit by Matthew Kessel and loses puck.
19:03 of 3rd period - Matthew Boldy is hit by Matthew Kessel and loses puck.
19:10 of 3rd period - Shot by Steven Stamkos.
19:10 of 3rd period - Stopped by Philipp Grubauer with a rebound.
19:12 of 3rd period - Shot by Gustav Forsling.
19:12 of 3rd period - Shot Misses the Net.
19:14 of 3rd period - Shot by Steven Stamkos.
19:14 of 3rd period - Stopped by Philipp Grubauer with a rebound.
19:41 of 3rd period - Shot by Nikita Kucherov.
19:41 of 3rd period - Stopped by Philipp Grubauer without a rebound.
19:42 of 3rd period - Trevor Zegras wins face-off versus Mason McTavish in TEXAS TOROS zone.
19:58 of 3rd period - Shot by Troy Terry.
19:58 of 3rd period - Stopped by Jeremy Swayman with a rebound.
Goals for this period are 2 for TEXAS TOROS vs 0 for LOS ANGELES SEALS.
Shots for this period are 8 for TEXAS TOROS vs 10 for LOS ANGELES SEALS.


YEGOR
SHARANGOVICH
ALEX
IAFALLO
JAKOB
CHYCHRUN

EAST COAST

HOCKEY LEAGUE

  • 65.QUE3CHW1
  • 66.CHA1TRV6
  • 67.PITRHI
  • 68.ATLWOR